 Dungeon Crawl Stone Soup version 0.19.1 (webtiles) character file.

592 ImaNewbie the Cleaver (level 7, -5/52 HPs)
             Began as a Formicid Fighter on Dec 15, 2016.
             Slain by stonage's ghost (12 damage)
             ... on level 4 of the Dungeon.
             The game lasted 00:05:38 (3235 turns).

ImaNewbie the Cleaver (Formicid Fighter)            Turns: 3235, Time: 00:05:38

Health: -5/52      AC:  8    Str: 22    XL:     7   Next: 66%
Magic:  7/7        EV:  8    Int:  8    God:
Gold:   90         SH:  9    Dex: 10    Spells: 0 memorised, 6 levels left

rFire  . . .     SeeInvis +     a - +0 war axe
rCold  . . .     Gourm    .     b - +0 scale mail
rNeg   . . .     Faith    .     c - +0 shield
rPois  .         Spirit   .     (helmet unavailable)
rElec  .         Reflect  .     l - +0 cloak
rCorr  .         Harm     .     (no gloves)
MR     .....                    (no boots)
Stlth  ..........               (no amulet)
                                (no ring)
                                (no ring)

@: no status effects
A: permanent stasis, dig shafts and tunnels, four strong arms, antennae 3
a: Dig, Shaft Self


You were on level 4 of the Dungeon.
You were not hungry.

You visited 1 branch of the dungeon, and saw 4 of its levels.

You collected 90 gold pieces.

Inventory:

Hand Weapons
 a - a +0 war axe (weapon)
Armour
 b - a +0 scale mail (worn)
 c - a +0 shield (worn)
 l - a +0 cloak (worn)
Scrolls
 h - 2 scrolls of teleportation {unknown}
 i - a scroll of identify {unknown}
 k - 5 scrolls of remove curse {unknown}
 q - a scroll of amnesia {unknown}
 t - a scroll of fog {unknown}
 u - 2 scrolls of magic mapping {unknown}
 w - a scroll of blinking {unknown}
Potions
 d - 2 potions of might
 e - 2 potions of brilliance {unknown}
 j - a potion of resistance {unknown}
 o - 2 potions of degeneration {unknown}
 p - a potion of haste {unknown}
 r - 3 potions of curing {unknown}
 s - a potion of heal wounds {unknown}
Comestibles
 f - 2 bread rations
 g - a royal jelly
 m - a beef jerky
 n - a meat ration
 v - 3 chunks of flesh


   Skills:
 - Level 3.2 Fighting
 + Level 8.0 Axes
 - Level 3.2 Armour
 - Level 3.6 Shields


You had 6 spell levels left.
You didn't know any spells.

Dungeon Overview and Level Annotations

Branches:
Dungeon (4/15)
 Temple: D:4-7

Altars:
Fedhas
Hepliaklqana
Trog

Annotations:
D:3 exclusion: oklob plant
D:4 Edmund; stonage's ghost, amateur DsGl


Innate Abilities, Weirdness & Mutations

You are under a permanent stasis effect.
You can dig through walls and to a lower floor.
Your four strong arms can wield two-handed weapons with a shield.
You have a pair of large antennae on your head. (SInv)


Message History

Stonage's ghost is heavily damaged.
You block stonage's ghost's attack.
You miss stonage's ghost.
Stonage's ghost is heavily damaged.
Stonage's ghost hits you!
You hit stonage's ghost but do no damage.
Stonage's ghost is heavily damaged.
Stonage's ghost hits you.
Stonage's ghost hits you but does no damage.
You hit stonage's ghost.
Stonage's ghost is severely damaged.
Stonage's ghost hits you!
* * * LOW HITPOINT WARNING * * *
You hit stonage's ghost but do no damage.
Stonage's ghost is severely damaged.
You block stonage's ghost's attack.
You hit stonage's ghost.
Stonage's ghost is severely damaged.
Stonage's ghost hits you!
You die...

......#######
......hW@...#############
###.#.###.#..............
# #.##########.####
#.............# #
############.## # #.# #
#.# # #.# # #.# #.# #.#
#######.# ........####
######...... #.##### #.#


You could see a hound and stonage's ghost.

Vanquished Creatures
  A moth of wrath (D:2)
  An orc priest (D:3)
  2 orc wizards (D:3)
  4 gnolls
  4 adders (D:3)
  2 oozes (D:1)
  6 worms
  2 dart slugs (D:1)
  5 orcs (D:3)
  8 goblins
  10 hobgoblins
  2 jackals (D:4)
  8 kobolds
  2 ball pythons
  4 bats
  A frilled lizard (D:2)
  13 rats
75 creatures vanquished.

Notes
Turn   | Place    | Note
-------+----------+-------------------------------------------
     0 | D:1      | ImaNewbie the Formicid Fighter began the quest for the Orb.
     0 | D:1      | Reached XP level 1. HP: 18/18 MP: 1/1
    79 | D:1      | Reached XP level 2. HP: 23/24 MP: 2/2
   152 | D:1      | Reached skill level 3 in Axes
   527 | D:1      | Reached XP level 3. HP: 29/29 MP: 3/3
  1029 | D:2      | Reached skill level 4 in Axes
  1029 | D:2      | Reached XP level 4. HP: 25/35 MP: 4/4
  1430 | D:2      | Noticed a moth of wrath
  1433 | D:2      | Found a bloodstained altar of Trog.
  1473 | D:2      | Killed a moth of wrath
  1473 | D:2      | Reached skill level 7 in Axes
  1473 | D:2      | Reached XP level 5. HP: 8/41 MP: 5/5
  1473 | D:2      | Reached XP level 6. HP: 10/47 MP: 6/6
  1473 | D:2      | Reached XP level 7. HP: 11/52 MP: 7/7
  2604 | D:3      | Found a faded altar of an unknown god.
  2604 | D:3      | Found a faded altar of an unknown god.
  2610 | D:3      | Found a faded altar of an unknown god.
  2612 | D:3      | Found a faded altar of an unknown god.
  2614 | D:3      | Found a hazy altar of Hepliaklqana.
  2807 | D:3      | Found a blossoming altar of Fedhas.
  2818 | D:3      | Noticed an oklob plant
  2905 | D:3      | Reached skill level 8 in Axes
  3047 | D:4      | Noticed Edmund
  3209 | D:4      | Noticed stonage's ghost (amateur DsGl)
  3235 | D:4      | Slain by stonage's ghost

Skill      XL: |  1  2  3  4  5  6  7 |
---------------+----------------------+-----
Axes           | 3 4 7 8 |  8.0
Fighting       | |  3.2
Armour         | |  3.2
Shields        | |  3.6

Action                   |  1- 3 |  4- 6 |  7- 9 || total
-------------------------+-------+-------+-------++-------
Melee: War axe           |   113 |    54 |   112 ||   279
 Abil: Dig               |       |     1 |       ||     1
  Eat: Chunk             |     1 |     1 |     6 ||     8
Armor: Scale mail        |    41 |    15 |    36 ||    92
Dodge: Dodged            |    33 |    12 |    41 ||    86
Block: Shield            |    59 |    31 |    53 ||   143
